 Dungeon Crawl Stone Soup version 0.22-a0-469-gf26638a (webtiles) character file.

9 namelastname112 the Conjurer (level 1, -1/14 HPs)
             Began as a Demigod Conjurer on June 12, 2018.
             Slain by a jackal (2 damage)
             ... on level 1 of the Dungeon.
             The game lasted 00:00:39 (190 turns).

namelastname112 the Conjurer (Demigod Conjurer)      Turns: 190, Time: 00:00:39

Health: -1/14      AC:  2    Str: 11    XL:     1   Next: 93%
Magic:  0/5        EV: 12    Int: 19    God:
Gold:   16         SH:  0    Dex: 16    Spells: 3/4 levels left

rFire    . . .     SeeInvis +   d - +0 dagger
rCold    . . .     Gourm    .   (no shield)
rNeg     . . .     Faith    .   a - +0 robe
rPois    .         Spirit   .   (no helmet)
rElec    .         Reflect  .   (no cloak)
rCorr    .         Harm     .   (no gloves)
MR       .....                  (no boots)
Stlth    ++........             (no amulet)
HPRegen  0.04/turn              b - ring of see invisible
MPRegen  0.09/turn              (no ring)

@: very slightly contaminated
A: high mp 1
a: no special abilities


You were on level 1 of the Dungeon.
You were not hungry.

You visited 1 branch of the dungeon, and saw 2 of its levels.

You collected 16 gold pieces.

Inventory:

Hand Weapons
 d - a +0 dagger (weapon)
Armour
 a - a +0 robe (worn)
Jewellery
 b - a ring of see invisible (left hand)
Comestibles
 c - 2 rations


   Skills:
 - Level 1.7 Dodging
 - Level 1.7 Stealth
 + Level 2.0 Spellcasting
 * Level 3.9 Conjurations


You had 3 spell levels left.
You knew the following spells:

 Your Spells              Type           Power        Failure   Level  Hunger
z - Magic Dart            Conj           ###.         3%          1    #......

Your spell library contained the following spells:

 Spells                   Type           Power        Failure   Level  Hunger
 Iskenderun's Mystic Bla  Conj           ###.....     32%         4    #####..
 Fulminant Prism          Conj/Hex       #.........   58%         4    #####..
 Dazzling Spray           Conj/Hex       #.....       22%         3    ###....
 Force Lance              Conj/Tloc      #.......     58%         4    #####..
 Searing Ray              Conj           ###...       4%          2    ###....


Dungeon Overview and Level Annotations

Branches:
Dungeon (2/15)

Annotations:
D:2 Natasha


Innate Abilities, Weirdness & Mutations

You have an increased reservoir of magic. (+10% MP)


Message History

You miscast Magic Dart.
You are very lightly contaminated with residual magic.
Nothing appears to happen.
The jackal closely misses you.
You now have 0/5 mp.
Casting: Magic Dart (safe; 3% risk of failure)
Confirm with . or Enter, or press ? or * to list all spells.
You don't have enough magic to cast that spell.
Unknown command.
You hit the jackal.
You kill the jackal!
The jackal bites you.
* * * LOW HITPOINT WARNING * * *
You take 1 damage, and have 1/14 hp.
You hit the jackal.
The jackal is severely wounded.
The jackal barely misses you.
You hit the jackal but do no damage.
The jackal is severely wounded.
The jackal closely misses you. The jackal bites you.
You die...

...... ... .........####
#.#..##..# ###.###......
#..#..#.### ##.###.....#
#........# ###......###.#
#........# ###.....#### #..
#######$.=....# #.....†## ###
#.............##..##.##########.
#.)..........h##.##..##.........
#..>.........hh@........########
#..........##############
#..........# #..........#
############


You could see 3 jackals.

Vanquished Creatures
  A giant cockroach (D:1)
  2 goblins (D:2)
  A hobgoblin (D:1)
  A jackal (D:1)
  A bat (D:1)
  A frilled lizard (D:1)
  2 rats
9 creatures vanquished.

Vanquished Creatures (others)
  A leopard gecko (D:2)
1 creature vanquished.

Grand Total: 10 creatures vanquished

Notes
Turn   | Place    | Note
-------+----------+-------------------------------------------
     0 | D:1      | namelastname112 the Demigod Conjurer began the quest for the Orb.
     0 | D:1      | Reached XP level 1. HP: 14/14 MP: 5/5
   151 | D:1      | You fall through a shaft!
   162 | D:2      | Noticed Natasha
   190 | D:1      | Slain by a jackal

Vault maps used:
D:1:      dpeg_arrival_arbitrary_a, kennysheep_boxes
D:2:      grunt_temple_overflow_holy_war, tgw_trog, first_ration,
          kennysheep_generic_room_13, uniq_jessica, uniq_natasha

Skill      XL: |  1 |
---------------+----+-----
Spellcasting   | 2 |  2.0
Dodging        | |  1.7
Stealth        | |  1.7
Conjurations   | |  3.9

Action                   || total
-------------------------++-------
Melee: Dagger            ||     3
 Cast: Magic Dart        ||    13
Armor: Robe              ||     3
Dodge: Dodged            ||    19

Table legend:
 A = Spawn XP
 B = Non-spawn XP
 C = Spawn XP percentage of total XP
 D = Spawn monster count
 E = Non-spawn monster count
 F = Spawn count percentage of total count
 G = Total turns spent on level
                    A         B        C        D         E        F      G
               +---------+---------+-------+---------+---------+-------+---------
         Total |       0 |      14 |   0.0 |       0 |       9 |   0.0 |   190
               +---------+---------+-------+---------+---------+-------+---------
           D:1 |       0 |       9 |   0.0 |       0 |       6 |   0.0 |   170
           D:2 |       0 |       5 |   0.0 |       0 |       3 |   0.0 |    20
               +---------+---------+-------+---------+---------+-------+---------
